[Event "10th Cesme Open-A 2024"]
[Site "Cesme"]
[Date "2024.06.23"]
[Round "1"]
[White "Bernadskiy, Vitaliy"]
[Black "Kirilmaz, Emre"]
[Result "1/2-1/2"]
[ECO "B12"]
[WhiteElo "2563"]
[BlackElo "2195"]
[Annotator "TA"]
[PlyCount "75"]
[EventDate "2024.06.23"]
[EventType "swiss"]
[EventCountry "TUR"]
[SourceTitle "playchess.com"]
[Source "ChessBase"]
[SourceQuality "1"]
[TimeControl "5400+30"]

1. e4 c6 2. d4 d5 3. e5 Bf5 4. Nf3 e6 5. Be2 Nd7 6. O-O h6 7. a4 Ne7 8. a5 c5 9. a6 {[%emt 0:01:30] White is slightly better.} b6 10. Bb5 {[%emt 0:00:30] Prevents Nc6.} Rc8 11. c4 cxd4 ({Black should play} 11... g5 $14) 12. cxd5 $18 (12. Nxd4 $6 dxc4 13. Nxf5 Nxf5 $16) 12... Nxd5 13. Nxd4 ({Worse is} 13. Qxd4 Bb4 $11) 13... Bxb1 14. Rxb1 {[%emt 0:00:00] And now Nc6 would win.} Bc5 15. Nc6 Qc7 16. Bd2 (16. Qd3 $18 {Threatens to win with b4.} Ne7 17. Nxa7 (17. Nxe7 Kxe7 18. Bf4 Nxe5 $16) 17... Qxa7 18. b4) 16... O-O $16 17. b4 Be7 {[%emt 0:03:30] [#]} 18. Nxe7+ (18. Re1 $1 $16) 18... Nxe7 $11 {[%emt 0:00:30] Excellent horsemanship.} 19. Rc1 Qd8 20. Rxc8 Qxc8 21. Qe2 Rd8 $1 22. Rc1 Qb8 23. f4 Nf8 24. Bd3 Rd4 25. Rc4 Qd8 26. Rxd4 Qxd4+ 27. Qe3 Qa1+ 28. Bf1 Nd5 29. Qe4 Ng6 30. g3 Nge7 31. Qe1 Qb2 32. b5 {[%emt 0:04:30] Prevents Nc6} Nf5 33. Bc1 (33. Qf2 $142) 33... Qc2 $17 34. Qd2 Qc5+ 35. Kh1 Nd4 (35... g6 $142 36. Qd1 Nde7 (36... Qf2 37. Qe2 $17)) 36. Ba3 Qxa3 37. Qxd4 Qc1 38. Kg1 {[%emt 0:03:30] What a bad dream for Black.   Weighted Error Value: White=0.20 (precise) /Black=0.15 (very precise) .  Mistake:       	White=3     	Black=2      Inaccurate:     	White=1     	---        OK:         	White=12    	Black=19     Best:        	White=7     	Black=1      Strong:       	---       	Black=1} 1/2-1/2

[Event "10th Cesme Open-A 2024"]
[Site "Cesme"]
[Date "2024.06.23"]
[Round "1"]
[White "Rasulov, Vugar"]
[Black "Selbes, Tamer Tarik"]
[Result "0-1"]
[ECO "A50"]
[WhiteElo "2557"]
[BlackElo "2183"]
[Annotator "TA"]
[PlyCount "114"]
[EventDate "2024.06.23"]
[EventType "swiss"]
[EventCountry "TUR"]
[SourceTitle "playchess.com"]
[Source "ChessBase"]
[SourceQuality "1"]
[TimeControl "5400+30"]

1. d4 Nf6 2. c4 e6 3. Bf4 b6 4. Nc3 Bb4 5. Qb3 Nc6 6. Nf3 {[%emt 0:01:30] A50: Queen's Fianchetto Defence (1 d4 Nf6 2 c4 b6).} Ne4 $146 ({Predecessor:} 6... Bb7 7. e3 O-O 8. Be2 Ne4 9. O-O Bxc3 10. bxc3 Na5 11. Qc2 f5 12. Nd2 Qe7 13. f3 Nxd2 14. Qxd2 {1-0 Conde Rodado,D (1776)-Manez Alino,S (1926) Cullera Bahia op 15th 2009 (6)}) 7. Qc2 f5 8. e3 Bb7 9. Be2 Ne7 (9... g5 $15) 10. Ne5 (10. O-O $11) 10... O-O (10... g5 $15 11. Bg3 (11. Bh5+ Ng6 $15) 11... Ng6) 11. f3 $11 d6 12. Nd3 Bxc3+ 13. bxc3 Nf6 14. O-O Ng6 15. Bg3 Nh5 16. Bf2 e5 17. a4 Qg5 18. Qd2 Rae8 ({Black should try} 18... c5 $11) 19. a5 $1 $14 Nf6 20. d5 Rf7 21. axb6 axb6 22. Ra7 Bc8 23. Rfa1 Nh4 24. Ne1 f4 25. e4 Qh6 26. Ra8 g5 27. h3 Ref8 (27... Nxg2 $5 28. Rxc8 Rxc8 29. Kxg2 Rcf8 $15) 28. Qd3 (28. R1a7 $5) 28... Nh5 29. Rb8 Ng3 30. Raa8 $2 (30. Qd2 $11) 30... Nxg2 $1 $19 31. Nxg2 Qxh3 32. Be1 $2 (32. Bxg3 fxg3 33. Qe3 (33. Rxc8 $2 {is a self mate.} Qh2+ 34. Kf1 Qh1#) 33... Qh2+ 34. Kf1 Qh1+ 35. Qg1 Rxf3+ 36. Bxf3 Rxf3+ 37. Ke2 Qxg1 38. Rxc8+ Kg7 39. Kxf3 Qf2+ 40. Kg4 Qxg2 41. Rxc7+ Kh6 42. Raa7 Qxe4+ 43. Kxg3) 32... Qh1+ $19 33. Kf2 g4 34. Bf1 {[%emt 0:01:30] [#]} Bd7 $1 ({Less strong is} 34... Nxf1 35. Qxf1 Qh3 36. Rxc8 $17) 35. Rxf8+ Rxf8 36. Rxf8+ Kxf8 37. fxg4 Bxg4 38. Bd2 Qh2 39. Ke1 Nh1 (39... f3 $142 40. Bh6+ Qxh6) 40. Bxf4 $19 exf4 41. Qd4 f3 $2 (41... Qg3+ $19 {and Black stays clearly on top.} 42. Kd2 Kf7) 42. Ne3 $17 Qh4+ 43. Kd1 Bd7 44. Qh8+ $2 (44. e5 $17 Nf2+ 45. Kc1 Qxd4 46. cxd4) 44... Kf7 $19 45. e5 dxe5 46. Qxe5 Nf2+ 47. Kd2 $2 (47. Kc1 Ne4 48. Nc2) 47... Ne4+ $19 48. Kd1 Ba4+ 49. Nc2 Bxc2+ 50. Kxc2 Qf2+ 51. Kb3 {[%emt 0:00:01] [#]} Nc5+ $1 52. Ka3 Qxf1 53. Qxc7+ Ke8 54. Qc6+ Nd7 55. d6 Qa1+ 56. Kb3 Qb1+ 57. Ka3 Qf5 0-1

[Event "10th Cesme Open-A 2024"]
[Site "Cesme"]
[Date "2024.06.23"]
[Round "1"]
[White "Grover, Sahaj"]
[Black "Ozkan, Ervin"]
[Result "1-0"]
[ECO "C43"]
[WhiteElo "2510"]
[BlackElo "2147"]
[Annotator "TA"]
[PlyCount "55"]
[EventDate "2024.06.23"]
[EventType "swiss"]
[EventCountry "TUR"]
[SourceTitle "playchess.com"]
[Source "ChessBase"]
[SourceQuality "1"]
[TimeControl "5400+30"]

1. e4 e5 2. Nf3 Nf6 3. d4 Nxe4 4. Bd3 d5 5. Nxe5 Nd7 6. Nc3 Nxe5 7. dxe5 Bb4 8. O-O Nxc3 9. bxc3 Bxc3 {[%emt 0:00:30] The position is equal.} 10. Rb1 O-O {[%emt 0:00:30] [#]} (10... Bxe5 $2 11. Re1 Qe7 12. f4 $18) 11. Bxh7+ $1 Kxh7 12. Qd3+ Kg8 13. Qxc3 a5 14. f4 d4 $1 15. Qd3 Re8 $1 16. Rb5 b6 {[%emt 0:11:30] Hoping for ...Ba6.} 17. f5 {[%emt 0:12:30] aiming for f6.} Ba6 {[%emt 0:13:30] And now ...Rxe5 would win.} 18. Qg3 $36 {[%emt 0:00:30][%mdl 2048] Black is under pressure.} f6 $2 (18... Bxb5 $11 19. Bg5 Qxg5 (19... Qd5 20. Bf6 g6 21. Qh3) 20. Qxg5 Rxe5 (20... Bxf1 21. f6 g6 22. Qh6 Rxe5 23. Qg7#)) 19. Qb3+ $18 Kf8 20. Ba3+ c5 {[%emt 0:01:30] [#]} 21. Rxc5 $1 bxc5 22. Bxc5+ Re7 23. exf6 gxf6 24. Re1 Raa7 25. Qe6 ({Stronger than} 25. Rxe7 Rxe7 26. Qe6 Qc7 $11 (26... d3 27. Qxf6+ Ke8 28. Bxe7 $11)) 25... d3 26. Qxf6+ {[%emt 0:00:30] White mates.} (26. Bxe7+ $2 {loses.} Qxe7 27. cxd3 Rc7 $19 (27... Qxe6 28. Rxe6 Kg7 29. Rd6 $17)) 26... Kg8 27. Bxe7 Qe8 28. Re3 {[%emt 0:00:30] Weighted Error Value: White=0.01 (flawless) /Black=0.53.  Loses game:     	---       	Black=1      OK:         	White=5     	Black=2      Best:        	White=2     	Black=3      Strong:       	---       	Black=2      Brilliant:      	White=1     	---} 1-0

[Event "10th Cesme Open-A 2024"]
[Site "Cesme"]
[Date "2024.06.23"]
[Round "1"]
[White "Isik, Alparslan"]
[Black "Altun, Arda"]
[Result "1-0"]
[ECO "D12"]
[WhiteElo "2469"]
[BlackElo "2149"]
[Annotator "TA"]
[PlyCount "79"]
[EventDate "2024.06.23"]
[EventType "swiss"]
[EventCountry "TUR"]
[SourceTitle "playchess.com"]
[Source "ChessBase"]
[SourceQuality "1"]
[TimeControl "5400+30"]

1. d4 d5 2. c4 c6 3. Nf3 Nf6 4. e3 Bf5 5. Nc3 e6 6. Nh4 Be4 7. f3 Bg6 8. Qb3 Qc7 9. Nxg6 hxg6 10. cxd5 Nxd5 (10... cxd5 $11 11. Bd2 Nc6) 11. e4 $14 {[%emt 0:00:00] White is slightly better.} Nxc3 12. bxc3 Nd7 13. g3 e5 14. Kf2 {[%emt 0:23:30] White is more active.} Bd6 15. Kg2 O-O-O 16. Be2 (16. Bc4 $14 f6 17. Be3) 16... exd4 (16... f5 $11 {remains equal.}) 17. cxd4 $16 f5 18. e5 Bxe5 {[%emt 0:03:35] [#] This costs Black the game.} 19. dxe5 $18 Qxe5 20. Qb2 Rhe8 21. Qxe5 Rxe5 22. Kf2 Rde8 23. Re1 Nc5 24. Bf4 R5e6 25. Bc4 Rxe1 26. Rxe1 Rxe1 27. Kxe1 b5 28. Be3 Nd7 29. Be6 a5 (29... a6 $142 30. Bd4 Kd8) 30. Bd4 Kd8 31. Bxg7 Ke7 32. Bxd7 Kxd7 {[%emt 0:00:05][%mdl 4096] Endgame. KB-KP} 33. Kd2 Ke6 34. Bf8 Ke5 35. h4 Kf6 36. Bc5 g5 37. hxg5+ {[%emt 0:00:30] White mates.} Kxg5 38. Kc3 Kf6 39. Kd4 a4 40. Bb4 {[%emt 0:00:00] Weighted Error Value: White=0.07 (flawless) /Black=0.58.  Mistake:       	White=1     	Black=4      Inaccurate:     	---       	Black=1      OK:         	White=13    	Black=7} 1-0

[Event "10th Cesme Open-A 2024"]
[Site "Cesme"]
[Date "2024.06.23"]
[Round "1"]
[White "Fromm, Marius"]
[Black "Kurt, Ozgur Toprak"]
[Result "1-0"]
[ECO "C11"]
[WhiteElo "2465"]
[BlackElo "2124"]
[Annotator "TA"]
[PlyCount "111"]
[EventDate "2024.06.23"]
[EventType "swiss"]
[EventCountry "TUR"]
[SourceTitle "playchess.com"]
[Source "ChessBase"]
[SourceQuality "1"]
[TimeControl "5400+30"]

1. e4 e6 2. d4 d5 3. Nc3 Nf6 4. e5 Nfd7 5. f4 c5 6. Nf3 Nc6 7. Be3 a6 8. Ne2 Qb6 9. Qc1 Be7 10. c3 {[%emt 0:00:00] White is slightly better.} O-O 11. h4 f6 12. h5 cxd4 ({Better is} 12... h6 $11) 13. Nexd4 $14 Nxd4 14. Bxd4 Qc7 15. Qe3 f5 (15... fxe5 $14 16. Nxe5 (16. fxe5 h6 $14) 16... Nxe5 17. Bxe5 Bd6) 16. b4 (16. O-O-O $16) 16... a5 17. a3 b6 18. Bb5 Nc5 19. O-O {[%emt 0:02:30] c4 is the strong threat.} (19. h6 $5) 19... Rb8 20. Rab1 {[%emt 0:03:30] White is more active.} (20. bxc5 bxc5 21. a4 cxd4 22. cxd4 Bb4 $11) 20... Ne4 21. Rfc1 Bc5 $2 22. c4 $1 $18 (22. bxc5 $6 bxc5 23. c4 cxd4 24. cxd5 (24. Nxd4 dxc4 25. Rxc4 Qd8 $16) 24... dxe3 $16) 22... axb4 23. axb4 Bxd4 24. Nxd4 {[%emt 0:00:00] cxd5 would now be deadly.} (24. Qxd4 dxc4 25. Qxc4 (25. Bxc4 Qf7 $14) 25... Qd8) 24... dxc4 25. Bxc4 Qf7 {[%emt 0:01:30] [#]} 26. g4 $1 g6 (26... Kh8 27. Rb2) 27. Bb3 Re8 $2 (27... Kh8 {was called for.} 28. h6 Ra8) 28. Rb2 {[%emt 0:05:30][%cal Bb1b2,Bb2c2,Bc2c7][%mdl 32] Black must now prevent Rg2.} Bb7 (28... Kh8 {keeps fighting.} 29. Rg2 Bb7 30. hxg6 Qxg6 31. Bxe6 (31. gxf5 Qh5 $18) 31... Rxe6) 29. Rbc2 {[%emt 0:12:30] Strongly threatening Rc7.} Rbd8 (29... fxg4 $2 30. Rc7) 30. Rc7 Rd7 31. hxg6 hxg6 32. Nxe6 Rxe6 33. Rxd7 Qxd7 {[%emt 0:00:30] [#]} 34. Qxb6 ({Not} 34. Bxe6+ Qxe6 35. Qd4 Qd5 (35... fxg4 36. Qd8+ Kg7 37. Rc7+) 36. Qxd5+ (36. Qxb6 $2 Kf8 $19) 36... Bxd5 $11) (34. Rd1 $1 $18 Qe7 35. Qxb6 (35. Bxe6+ Qxe6 36. Rd8+ Kf7 $16)) 34... Bd5 $4 (34... Kf8 $19 35. Qe3 (35. Bxe6 $2 {is the wrong capture.} Qd3 $19) 35... Rc6 36. Rxc6 Qxc6 (36... Bxc6 $2 37. Bc2 $19)) 35. Qb8+ Re8 36. Bxd5+ Kf8 37. Qb7 Qxb7 38. Bxb7 Rb8 39. Bxe4 Rxb4 {[%emt 0:00:26][%mdl 4096] Endgame. KRB-KR} 40. Bd5 {[%emt 0:02:20] White mates.} Rxf4 41. gxf5 Rxf5 42. Rf1 Ke7 43. Rxf5 gxf5 {[%emt 0:00:31] KB-KP} 44. Kf2 Kf8 45. Kf3 Kg7 46. Kf4 Kg6 47. Be6 Kg7 48. Kxf5 Kf8 49. Kf6 Ke8 50. Bd5 Kf8 51. e6 Ke8 52. Bc6+ Kf8 53. e7+ Kg8 54. e8=Q+ Kh7 55. Be4+ Kh6 56. Qh8# {[%emt 0:00:00] Weighted Error Value: White=0.25 (precise) /Black=0.61.  Loses game:     	---       	Black=1      Mistake:       	White=1     	Black=4      Inaccurate:     	White=2     	Black=3      OK:         	White=7     	Black=9      Best:        	White=1     	Black=2      Strong:       	White=1     	---        Brilliant:      	White=1     	---} 1-0

[Event "10th Cesme Open-A 2024"]
[Site "Cesme"]
[Date "2024.06.23"]
[Round "1"]
[White "Kilic, Eray"]
[Black "Kavri, Yusuf Eren"]
[Result "0-1"]
[ECO "B54"]
[WhiteElo "2443"]
[BlackElo "2059"]
[Annotator "TA"]
[PlyCount "104"]
[EventDate "2024.06.23"]
[EventType "swiss"]
[EventCountry "TUR"]
[SourceTitle "playchess.com"]
[Source "ChessBase"]
[SourceQuality "1"]
[TimeControl "5400+30"]

1. e4 c5 2. Nf3 d6 3. Nc3 Nc6 4. Bb5 Bd7 5. Bxc6 Bxc6 6. d4 cxd4 7. Nxd4 Nf6 8. Qe2 e6 9. Bg5 Be7 $1 {[%emt 0:12:30] The position is equal.} 10. f4 h6 11. Bxf6 Bxf6 12. O-O-O {[%emt 0:00:00] Black must now prevent e5.} Qa5 13. Nb3 Qb4 14. a3 Qb6 15. Nd5 exd5 16. exd5+ Kd7 $1 17. dxc6+ bxc6 18. Qd3 d5 19. c4 $2 {[%emt 0:02:30][%mdl 8192] This costs White the game.} (19. g4 $11 {and White is okay.}) 19... Rab8 $19 {[%emt 0:02:30] Active counter play!} 20. Kc2 Rhe8 {[%emt 0:05:30] Repels Rhe1} 21. cxd5 {[%emt 0:12:30] [#]} (21. Rde1 $142 Qf2+ 22. Kd1 Qxb2 (22... Qxf4 23. cxd5 Qg4+ 24. Kc1 $19) (22... Qxg2 $2 23. Nc5+ Kd6 24. b4 $19) 23. Nc1) 21... c5 $1 {[%emt 0:01:30][%cal Oc5c4] ...c4! is the strong threat.} 22. Rb1 {[%emt 0:11:30] [#]} c4 $1 23. Qh3+ (23. Qf5+ Kd8) 23... Kd8 24. Nd2 Qd4 25. b3 Re2 {[%emt 0:00:30][%csl Ge2][%cal Rd4d2] White is weak on the dark squares} (25... Qxf4 $2 26. bxc4 Rxb1 27. Rxb1 $19) 26. Rhd1 c3 (26... Rb5 $142 27. Qf3 cxb3+ 28. Rxb3 Rc5+ (28... Rxd5 $2 {perishes.} 29. Qxe2 Qc5+ 30. Qc4 $18) 29. Qc3 Rxc3+ 30. Kb2 Rxd2+ 31. Rxd2 Qxd2+ 32. Kb1 Rxb3#) 27. Qd3 Qxd3+ (27... Qf2 $142 28. b4 cxd2 (28... Rxd2+ $2 29. Rxd2 cxd2 30. Rd1 $19)) 28. Kxd3 Rxd2+ 29. Rxd2 cxd2 30. Kxd2 {[%emt 0:00:30][%mdl 4096] Endgame. KRB-KR} Rb5 31. g3 Rxd5+ 32. Ke3 Rc5 33. a4 a5 34. b4 Rc3+ 35. Kf2 Rc2+ 36. Kg1 axb4 37. Rxb4 Kd7 38. a5 Ra2 {[%emt 0:00:00] Against Ra4} 39. Rb5 Bd8 40. Rd5+ Ke7 41. Re5+ Kf6 42. a6 Rxa6 43. Kg2 Ra5 44. Re8 Rd5 45. Kf3 g6 46. Rg8 h5 47. Ke4 Rd1 48. h3 Bb6 {[%emt 0:01:00] ( -> ...Rd8)} 49. g4 Rd8 50. g5+ {[%emt 0:00:00] Black mates.} Ke6 51. Rg7 Bd4 52. Rh7 Rh8 {[%emt 0:00:30] Weighted Error Value: White=1.39/Black=0.41.  Loses game:     	White=1     	---        Mistake:       	White=1     	---        Inaccurate:     	White=2     	---        OK:         	White=11    	Black=17     Best:        	---       	Black=1      Strong:       	---       	Black=3} 0-1

[Event "10th Cesme Open-A 2024"]
[Site "Cesme"]
[Date "2024.06.23"]
[Round "1"]
[White "Ozsakallioglu, Okan"]
[Black "Zakirov, Musa"]
[Result "1-0"]
[ECO "B90"]
[WhiteElo "2402"]
[BlackElo "2112"]
[Annotator "RC"]
[PlyCount "37"]
[EventDate "2024.06.23"]
[EventType "swiss"]
[EventCountry "TUR"]
[SourceTitle "playchess.com"]
[Source "ChessBase"]
[SourceQuality "1"]
[TimeControl "5400+30"]

1. e4 c5 2. Nf3 d6 3. d4 cxd4 4. Nxd4 Nf6 5. Nc3 a6 6. Be3 e5 7. Nb3 Be7 8. h3 Be6 9. Qf3 Nbd7 10. g4 h6 11. O-O-O b5 12. Nd5 Bxd5 13. exd5 Nb6 14. h4 e4 15. Qg2 Nfxd5 16. Bd2 Bxh4 17. Qxe4+ Qe7 18. Bg2 O-O-O 19. Qf5+ 1-0

[Event "10th Cesme Open-A 2024"]
[Site "Cesme"]
[Date "2024.06.23"]
[Round "1"]
[White "Domalchuk-Jonasson, Aleksandr"]
[Black "Isgenderova, Hayale"]
[Result "1/2-1/2"]
[ECO "E16"]
[WhiteElo "2380"]
[BlackElo "2103"]
[Annotator "RC"]
[PlyCount "114"]
[EventDate "2024.06.23"]
[EventType "swiss"]
[EventCountry "TUR"]
[SourceTitle "playchess.com"]
[Source "ChessBase"]
[SourceQuality "1"]
[TimeControl "5400+30"]

1. d4 Nf6 2. c4 e6 3. g3 Bb4+ 4. Nd2 d5 5. Bg2 O-O 6. Ngf3 b6 7. O-O Bb7 8. a3 Bd6 9. b4 c5 10. bxc5 bxc5 11. Rb1 Ba6 12. Bb2 Nbd7 13. Qa4 Qc8 14. cxd5 Nxd5 15. Ne4 N7b6 16. Qc2 cxd4 17. Qxc8 Nxc8 18. Nxd4 Be7 19. Rfc1 Ncb6 20. Nc5 Bc4 21. Nd7 Rfc8 22. Nxb6 axb6 23. e4 Nf6 24. Rc3 b5 25. Rbc1 Rc5 26. Nb3 Rc7 27. Nd2 h6 28. Nxc4 bxc4 29. Rxc4 Rxc4 30. Rxc4 Bxa3 31. Bd4 Rb8 32. f3 Bb2 33. Be3 g5 34. h4 gxh4 35. g4 Kg7 36. Bf2 Be5 37. Bxh4 Rb1+ 38. Bf1 Bf4 39. Rc2 Nd7 40. Kg2 Ne5 41. Be2 Ng6 42. Bg3 e5 43. Bf2 Bg5 44. Bc4 Nf4+ 45. Kh2 h5 46. Ba2 Rf1 47. gxh5 Nxh5 48. Kg2 Ra1 49. Bc5 Nf4+ 50. Kh2 Rf1 51. Bd6 Rxf3 52. Bxe5+ f6 53. Bd6 Rh3+ 54. Kg1 Rg3+ 55. Kf1 Rf3+ 56. Rf2 Rxf2+ 57. Kxf2 Nd3+ 1/2-1/2

[Event "10th Cesme Open-A 2024"]
[Site "Cesme"]
[Date "2024.06.23"]
[Round "1"]
[White "Haznedaroglu, Kivanc"]
[Black "Topuz, Mirac Melih"]
[Result "1-0"]
[ECO "C63"]
[WhiteElo "2359"]
[BlackElo "2055"]
[Annotator "RC"]
[PlyCount "73"]
[EventDate "2024.06.23"]
[EventType "swiss"]
[EventCountry "TUR"]
[SourceTitle "playchess.com"]
[Source "ChessBase"]
[SourceQuality "1"]
[TimeControl "5400+30"]

1. e4 e5 2. Nf3 Nc6 3. Bb5 f5 4. d3 fxe4 5. dxe4 Nf6 6. Qd3 Bc5 7. O-O d6 8. Qc4 Bd7 9. Bxc6 Bxc6 10. Nxe5 Bxf2+ 11. Rxf2 dxe5 12. Nc3 Qe7 13. Bg5 O-O-O 14. Raf1 Rd4 15. Qe2 Rf8 16. Qg4+ Kb8 17. Qh4 Qb4 18. Nd5 Qc5 19. Nxf6 Bb5 20. Be3 gxf6 21. Bxd4 Qxd4 22. c3 Qe3 23. Rd1 a6 24. h3 Bd3 25. Kh2 Bxe4 26. Rxf6 Rg8 27. Rg1 Qd3 28. Qf2 Qd8 29. Rf1 Rxg2+ 30. Qxg2 Bxg2 31. Rf8 Bxf1 32. Rxd8+ Ka7 33. Rd7 h5 34. Rxc7 e4 35. Re7 Bc4 36. a4 Bd5 37. a5 1-0

[Event "10th Cesme Open-A 2024"]
[Site "Cesme"]
[Date "2024.06.23"]
[Round "1"]
[White "Kamer, Kayra"]
[Black "Demirbag, Alihan"]
[Result "1-0"]
[ECO "B43"]
[WhiteElo "2316"]
[BlackElo "2055"]
[Annotator "RC"]
[PlyCount "133"]
[EventDate "2024.06.23"]
[EventType "swiss"]
[EventCountry "TUR"]
[SourceTitle "playchess.com"]
[Source "ChessBase"]
[SourceQuality "1"]
[TimeControl "5400+30"]

1. e4 c5 2. Nf3 e6 3. d4 cxd4 4. Nxd4 a6 5. Nc3 b5 6. Bd3 Qb6 7. Nf3 Qc7 8. O-O Be7 9. Re1 d6 10. Bf4 b4 11. Na4 Nf6 12. c4 e5 13. Bd2 Nc6 14. a3 a5 15. axb4 axb4 16. Be3 Nd7 17. Bc2 O-O 18. b3 Nc5 19. Nb2 Bg4 20. Rb1 Ne6 21. h3 Bxf3 22. Qxf3 Ncd4 23. Qd1 Ra2 24. Bd3 Bf6 25. Bf1 Rb8 26. g3 Ra3 27. Nd3 Ra2 28. Nc1 Ra3 29. Bg2 Qa5 30. h4 Ra1 31. Ne2 Rxb1 32. Qxb1 Nxe2+ 33. Rxe2 Ra8 34. Qd3 Qa1+ 35. Kh2 Rd8 36. Bb6 Rd7 37. Bh3 Qa6 38. Be3 Re7 39. Bxe6 Rxe6 40. Qb1 Re8 41. Ra2 Qc6 42. Ra4 Rb8 43. Qd3 Be7 44. Qd5 Qxd5 45. exd5 f5 46. Bd2 Rb7 47. Rxb4 Rc7 48. Rb6 Kf7 49. Bb4 Rd7 50. Kg2 g6 51. Kf3 h6 52. Ke3 g5 53. h5 Bd8 54. Rxd6 Rb7 55. Rxd8 Rxb4 56. Rd7+ Ke8 57. Rd6 Rxb3+ 58. Ke2 Rb2+ 59. Kf1 Rc2 60. Rxh6 Rxc4 61. Re6+ Kf7 62. Rxe5 Kf6 63. Re6+ Kf7 64. h6 Rc5 65. h7 Kg7 66. Re7+ Kh8 67. d6 1-0

[Event "10th Cesme Open-A 2024"]
[Site "Cesme"]
[Date "2024.06.23"]
[Round "1"]
[White "Gunduz, Umut Erdem"]
[Black "Uysal, Ugur"]
[Result "1-0"]
[ECO "E60"]
[WhiteElo "2312"]
[BlackElo "2058"]
[Annotator "RC"]
[PlyCount "219"]
[EventDate "2024.06.23"]
[EventType "swiss"]
[EventCountry "TUR"]
[SourceTitle "playchess.com"]
[Source "ChessBase"]
[SourceQuality "1"]
[TimeControl "5400+30"]

1. d4 Nf6 2. c4 g6 3. g3 Bg7 4. Bg2 O-O 5. Nf3 d6 6. O-O c6 7. Nbd2 Re8 8. e4 e5 9. Re1 Bg4 10. h3 Bxf3 11. Nxf3 Nbd7 12. Qc2 Qc7 13. c5 dxc5 14. dxc5 Bf8 15. Be3 b6 16. cxb6 axb6 17. Bf1 Nc5 18. b4 Ncxe4 19. Bc1 Bxb4 20. Rxe4 Nxe4 21. Qxe4 Bc3 22. Rb1 Rxa2 23. Bc4 Ra4 24. Bxf7+ Qxf7 25. Qxa4 Qxf3 26. Qb3+ Kg7 27. Bb2 Rf8 28. Qxc3 Qxf2+ 29. Kh1 Kh6 30. Qc1+ g5 31. Qxc6+ Rf6 32. Qg2 Qe3 33. Rd1 b5 34. h4 Kh5 35. Bc1 Qf3 36. Qxf3+ Rxf3 37. Kg2 Kg4 38. hxg5 Rxg3+ 39. Kf2 Rc3 40. Bd2 Rb3 41. Rh1 Rb2 42. Ke2 e4 43. Rg1+ Kf5 44. Rf1+ Kg4 45. Rg1+ Kf5 46. Rg3 b4 47. Kd1 b3 48. Rc3 Rb1+ 49. Ke2 Rb2 50. Rc5+ Ke6 51. Rb5 Kf7 52. Rb6 Rb1 53. Ke3 Rb2 54. Rf6+ Kg8 55. Rf4 Rb1 56. Rxe4 b2 57. Rb4 Rg1 58. Rxb2 Rxg5 59. Rb7 Rg7 60. Rb8+ Kf7 61. Kf4 Ke6 62. Ke4 Rc7 63. Rb6+ Kf7 64. Bf4 Rc5 65. Be5 Rc1 66. Kf5 Rf1+ 67. Bf4 Kg8 68. Rb8+ Kf7 69. Rb7+ Kg8 70. Ra7 Rf2 71. Kg5 Rf1 72. Be5 Rf7 73. Ra1 Rf2 74. Bg3 Rf3 75. Bf4 Rf2 76. Ra8+ Kf7 77. Rh8 Rg2+ 78. Kf5 Kg7 79. Be5+ Kh6 80. Bd4 Rg5+ 81. Kf6 Rg3 82. Kf7 Rf3+ 83. Bf6 Rf4 84. Rg8 Rb4 85. Rg3 Rb7+ 86. Be7 Rb5 87. Rg4 Ra5 88. Rh4+ Rh5 89. Rd4 Rh1 90. Rg4 Rh3 91. Bf6 Rh1 92. Rf4 Kh5 93. Kg7 h6 94. Kf7 Rh3 95. Ke6 Kg6 96. Rg4+ Kh5 97. Rg2 Rh1 98. Be5 Rh4 99. Kf5 Rg4 100. Rh2+ Rh4 101. Ra2 Rb4 102. Ra6 Rb5 103. Rc6 Ra5 104. Rb6 Rc5 105. Rb2 Rc4 106. Bd6 Rd4 107. Bg3 Rd5+ 108. Be5 Rd3 109. Rh2+ Rh3 110. Rxh3# 1-0

[Event "10th Cesme Open-A 2024"]
[Site "Cesme"]
[Date "2024.06.23"]
[Round "1"]
[White "Tarlabasi, Emirhan"]
[Black "Yildiz, Serdar Murat"]
[Result "1/2-1/2"]
[ECO "E11"]
[WhiteElo "2303"]
[BlackElo "2026"]
[Annotator "RC"]
[PlyCount "185"]
[EventDate "2024.06.23"]
[EventType "swiss"]
[EventCountry "TUR"]
[SourceTitle "playchess.com"]
[Source "ChessBase"]
[SourceQuality "1"]
[TimeControl "5400+30"]

1. d4 Nf6 2. Nf3 e6 3. c4 Bb4+ 4. Bd2 c5 5. Bxb4 cxb4 6. Nbd2 d6 7. g3 O-O 8. Bg2 Nc6 9. O-O Qe7 10. a3 Bd7 11. Qb3 a5 12. d5 a4 13. Qd3 exd5 14. cxd5 Nb8 15. e4 Na6 16. Rfe1 Rfe8 17. axb4 Nxb4 18. Qc3 Na6 19. h3 Rac8 20. Qa3 b5 21. Nd4 b4 22. Qe3 Qd8 23. Qd3 Nc5 24. Qf1 Qb6 25. Rad1 Ra8 26. Kh2 a3 27. b3 a2 28. Nc4 Qb8 29. f3 Bb5 30. Ra1 Nfd7 31. Rec1 Ne5 32. Nxb5 Qxb5 33. Qd1 Nxc4 34. Bf1 Ra3 35. Bxc4 Qb6 36. Rc2 Rea8 37. Rb2 Nd7 38. Kg2 Ne5 39. Be2 Qe3 40. Qc2 Qa7 41. Bb5 h5 42. f4 Ng6 43. h4 Qe3 44. Qd3 Qxd3 45. Bxd3 R8a5 46. Bc4 Nf8 47. e5 Nd7 48. e6 Nf6 49. e7 Ne8 50. Kf3 f6 51. Re2 Kf7 52. g4 hxg4+ 53. Kxg4 Ra7 54. h5 Rxe7 55. Raxa2 Rea7 56. Rad2 Ra1 57. Bd3 Rg1+ 58. Kf3 Ra8 59. Bg6+ Kf8 60. Ra2 Rc8 61. Rac2 Rf1+ 62. Kg3 Rd8 63. f5 Rd1 64. Red2 Rxd2 65. Rxd2 Rc8 66. Kf4 Nc7 67. Rd4 Na6 68. Kg4 Rb8 69. Re4 Nc7 70. h6 gxh6 71. Kh5 Nxd5 72. Kxh6 Ne7 73. Re6 Ng8+ 74. Kh7 Rd8 75. Re4 d5 76. Rxb4 d4 77. Rb7 Ne7 78. Rb6 Nd5 79. Rb7 Ne7 80. Bh5 d3 81. Rb6 Nd5 82. Re6 Nf4 83. Rxf6+ Ke7 84. Rf7+ Ke8 85. Bg6 Nxg6 86. fxg6 d2 87. Rf1 d1=Q 88. Rxd1 Rxd1 89. g7 Rh1+ 90. Kg6 Rg1+ 91. Kf6 Kd7 92. Kf7 Rf1+ 93. Kg6 1/2-1/2

[Event "10th Cesme Open-A 2024"]
[Site "Cesme"]
[Date "2024.06.23"]
[Round "1"]
[White "Erten, Kerem"]
[Black "Zerey, Demhat"]
[Result "0-1"]
[ECO "C77"]
[WhiteElo "2277"]
[BlackElo "2038"]
[Annotator "RC"]
[PlyCount "70"]
[EventDate "2024.06.23"]
[EventType "swiss"]
[EventCountry "TUR"]
[SourceTitle "playchess.com"]
[Source "ChessBase"]
[SourceQuality "1"]
[TimeControl "5400+30"]

1. e4 e5 2. Nf3 Nc6 3. Bb5 a6 4. Ba4 Nf6 5. d3 b5 6. Bb3 Bc5 7. c3 d6 8. a4 Rb8 9. h3 O-O 10. O-O h6 11. d4 Bb6 12. Be3 Re8 13. Nbd2 exd4 14. cxd4 Bb7 15. Re1 Nb4 16. axb5 axb5 17. d5 Nd3 18. Re2 Nxb2 19. Qc2 Na4 20. Bxa4 bxa4 21. Rxa4 Nd7 22. Nb3 Qc8 23. Nfd4 Bxd4 24. Nxd4 Nc5 25. Nf5 Nxa4 26. Qxa4 Re5 27. Rc2 Bxd5 28. Nxh6+ gxh6 29. exd5 Rxd5 30. Bxh6 Qe6 31. Qh4 Qg6 32. Rc4 Rh5 33. Qe7 Rxh6 34. Qxc7 Rb1+ 35. Kh2 Rxh3+ 0-1